 Dungeon Crawl Stone Soup version 0.30-a0-223-gcb0039aa0c (webtiles) character file.

Game seed: 2063179742423992372

2291 qw the Cleaver (level 9, -5/56 HPs)
             Began as a Gargoyle Fighter on Oct 9, 2022.
             Engulfed by a steam dragon's steam (12 damage)
             ... on level 7 of the Dungeon.
             The game lasted 00:02:33 (6821 turns).

qw the Cleaver (Gargoyle Fighter)                   Turns: 6821, Time: 00:02:33

Health: -5/56      AC: 20    Str: 23    XL:     9   Next: 40%
Magic:  0/9        EV: 10    Int: 10    God:
Gold:   472        SH:  4    Dex:  9    Spells: 8/8 levels left

rFire   . . .      SeeInvis .    Y - +0 war axe
rCold   . . .      Faith    .    c - +0 buckler
rNeg    + . .      Spirit   +    i - +0 plate armour
rPois   inf        Reflect  .    e - +0 helmet
rElec   +          Harm     .    (no cloak)
rCorr   .          Rampage  .    (no gloves)
Will    .....                    (no boots)
Stlth   ..........               h - amulet of guardian spirit
HPRegen 0.29/turn                f - +4 ring of evasion
MPRegen 0.11/turn                (no ring)

@: about to teleport
A: sickness immunity, AC +6, negative energy resistance 1, electricity
resistance, torment resistance 1, petrification resistance
a: no special abilities


You were on level 7 of the Dungeon.
You visited 1 branch of the dungeon, and saw 7 of its levels.
You also visited: Sewer.

You collected 472 gold pieces.


Innate Abilities, Weirdness & Mutations

You are immune to sickness and miasma.
Your stone body is resilient. (AC +6)
You are immune to poison.
You resist negative energy. (rN+)
You are resistant to electric shocks. (rElec)
You are resistant to unholy torment.
You are immune to petrification.


   Skills:
 + Level 6.5 Fighting
 - Level 9.0 Axes
 - Level 5.3 Armour
 - Level 1.8 Dodging
 - Level 4.8 Shields


You had 8 spell levels left.
You didn't know any spells.
Your spell library was empty.

Inventory:

Hand Weapons
 m - a +0 flail
 Y - a +0 war axe (weapon)
Armour
 c - a +0 buckler (worn)
 e - a +0 helmet (worn)
 i - a +0 plate armour (worn)
Jewellery
 f - a +4 ring of evasion (left hand)
 h - an amulet of guardian spirit (around neck)
Scrolls
 a - 3 scrolls of teleportation
 b - 3 scrolls of identify
 k - 3 scrolls of immolation {unknown}
Potions
 d - 2 potions of might
 g - a potion of mutation
 j - a potion of attraction
 l - a potion of resistance
 n - 2 potions of heal wounds {unknown}

Dungeon Overview and Level Annotations

Branches:
Dungeon (7/15)             Temple (0/1) D:4           Sewer (visited)

Altars:
Kikubaaqudgha
Qazlal
Sif Muna
Uskayaw
Xom
Yredelemnul

Annotations:
D:6 1 runed translucent door, Crazy Yiuf


Message History

Enter note: The steam dragon breathes steam at you.
The ball of steam hits you!
You're standing in a cloud of steam!
You are engulfed in a cloud of scalding steam.
You're standing in a cloud of steam!
You are engulfed in a cloud of scalding steam.
You're standing in a cloud of steam!
You are engulfed in a cloud of scalding steam.
The steam dragon breathes steam at you.
The ball of steam hits you but does no damage.
You slash the steam dragon!
The steam dragon is moderately wounded.
You are engulfed in a cloud of scalding steam.
The steam dragon bites you but does no damage.
The steam dragon claws you but does no damage.
You closely miss the steam dragon.
The steam dragon is moderately wounded.
You are engulfed in a cloud of scalding steam.
The steam dragon barely misses you.
The steam dragon claws you but does no damage.
You hit the steam dragon.
The steam dragon is heavily wounded.
You are engulfed in a cloud of scalding steam.
The steam dragon bites you but does no damage.
You block the steam dragon's attack.
You barely miss the steam dragon.
The steam dragon is heavily wounded.
You are engulfed in a cloud of scalding steam.
You block the steam dragon's attack.
The steam dragon claws you but does no damage.
You barely miss the steam dragon.
The steam dragon is heavily wounded.
The steam dragon breathes steam at you. The ball of steam hits you!!
6821 ||| READING 4 scrolls of teleportation.
As you read the scroll of teleportation, it crumbles to dust.
You feel strangely unstable.
You are engulfed in a cloud of scalding steam.
You die...

.# ## #.# .# #.. ##
#.. ..# # #.# #.# #.#
#.# #.# ### #.# # #.#
..# #D# ## #.# #.# #@#
.## #.# #.# #¤# ..##
##.###.###¤#
..[####..<.....¤.###
...'.................#
...####...##.#######.#
..###.........# .##
#.######..# ## #.#
#..#


You could see a steam dragon (catching breath).

Vanquished Creatures
  Prince Ribbit (D:7)
  A hornet (D:7)
  Sigmund (D:2)
  A steam dragon (D:7)
  A water moccasin (D:5)
  A black bear (D:5)
  An ice beast (D:5)
  An ogre (D:5)
  A centaur (D:5)
  A phantom (D:5)
  Blork the orc (D:6)
  4 scorpions
  4 necrophages
  4 vampire bats
  A jelly (D:4)
  A hound (D:6)
  Ijyb (D:3)
  Natasha (D:4)
  2 orc wizards (D:4)
  Robin (D:3)
  8 adders
  2 river rats (Sewer)
  A shadow imp (D:6)
  2 white imps
  2 worms
  A dart slug (D:1)
  6 orcs
  11 bats
  4 bat skeletons (D:7)
  A bat zombie (D:7)
  5 endoplasms
  A giant cockroach (D:5)
  18 goblins
  13 hobgoblins
  6 quokkas
  9 ball pythons
  6 frilled lizards
  13 kobolds
  10 rats
149 creatures vanquished.

Vanquished Creatures (others)
  2 fungi (D:1)
2 creatures vanquished.

Grand Total: 151 creatures vanquished

Notes
Turn   | Place    | Note
-------+----------+-------------------------------------------
     0 | D:1      | qw the Gargoyle Fighter began the quest for the Orb.
     0 | D:1      | Reached XP level 1. HP: 14/14 MP: 1/1
     0 | D:1      | 0 ||| qw: Version: 0.2-a-17-g06abaee
     0 | D:1      | 0 ||| qw: Game counter: 2205
     0 | D:1      | 0 ||| qw: Always use a shield: true
     0 | D:1      | 0 ||| qw: God list: Okawaru
     0 | D:1      | 0 ||| qw: Allow faded altars: false
     0 | D:1      | 0 ||| qw: Do Orc after D:15 true
     0 | D:1      | 0 ||| qw: Do second Lair branch before Depths: true
     0 | D:1      | 0 ||| qw: Lair rune preference: random
     0 | D:1      | 0 ||| qw: Plans: Normal, Zot:1-4, God:TSO, Crypt, Tomb,
                  | Pan, Slime:5, Hells, Abyss, Orb
     0 | D:1      | 0 ||| PLANNING D:1-11
    13 | D:1      | 13 ||| Stepping ~*~*~tactically~*~*~ (stealth).
    29 | D:1      | 29 ||| Stepping ~*~*~tactically~*~*~ (stealth).
    36 | D:1      | Reached skill level 2 in Axes
   147 | D:1      | 147 ||| Stepping ~*~*~tactically~*~*~ (hiding).
   148 | D:1      | 148 ||| Stepping ~*~*~tactically~*~*~ (hiding).
   156 | D:1      | Reached XP level 2. HP: 15/19 MP: 2/2
   223 | D:1      | Found a faded altar of an unknown god.
   263 | D:1      | 263 ||| Stepping ~*~*~tactically~*~*~ (stealth).
   266 | D:1      | 266 ||| Stepping ~*~*~tactically~*~*~ (stealth).
   273 | D:1      | 273 ||| DROPPING +0 club.
   373 | D:1      | Reached skill level 3 in Axes
   386 | D:1      | Reached XP level 3. HP: 20/23 MP: 3/3
   668 | D:1      | 668 ||| READING 2 scrolls labelled LEECWUSUCI.
   673 | D:1      | 673 ||| READING scroll labelled PIOSIV EBBASS.
   674 | D:1      | 674 ||| READING scroll labelled SOAZUFF LESIGHAUX.
   807 | D:2      | Noticed Sigmund
   808 | D:2      | 808 ||| Stepping ~*~*~tactically~*~*~ (hiding).
   824 | D:2      | Killed Sigmund
   825 | D:2      | Reached skill level 5 in Axes
   825 | D:2      | Reached XP level 4. HP: 17/28 MP: 4/4
   825 | D:2      | Reached XP level 5. HP: 19/32 MP: 5/5
  1273 | D:2      | Reached XP level 6. HP: 38/38 MP: 6/6
  1458 | D:2      | 1458 ||| UPGRADING to +0 plate armour.
  1468 | D:2      | 1468 ||| DROPPING +0 scale mail.
  1469 | D:2      | 1469 ||| UPGRADING to +4 ring of evasion.
  1470 | D:2      | 1470 ||| READING scroll labelled OFUMOW AQOCOSM.
  1471 | D:2      | 1471 ||| READING scroll labelled ZAR ATAOQULY OLLO.
  1472 | D:2      | 1472 ||| DRINKING 2 fizzy white potions.
  1547 | D:3      | 1547 ||| Stepping ~*~*~tactically~*~*~ (stealth).
  1548 | D:3      | 1548 ||| Stepping ~*~*~tactically~*~*~ (stealth).
  1674 | D:3      | Noticed Ijyb
  1679 | D:3      | 1679 ||| DRINKING potion of curing.
  1679 | D:3      | 1679 ||| (to cure confusion)
  1709 | D:3      | Killed Ijyb
  1891 | D:3      | 1891 ||| Stepping ~*~*~tactically~*~*~ (stealth).
  1895 | D:3      | Noticed Robin
  1896 | D:3      | 1896 ||| Stepping ~*~*~tactically~*~*~ (hiding).
  1911 | D:3      | Killed Robin
  2046 | D:3      | 2046 ||| Stepping ~*~*~tactically~*~*~ (stealth).
  2052 | D:3      | 2052 ||| Stepping ~*~*~tactically~*~*~ (stealth).
  2054 | D:3      | 2054 ||| Stepping ~*~*~tactically~*~*~ (hiding).
  2290 | D:3      | Found a hide-covered altar of Uskayaw.
  2547 | D:3      | 2547 ||| Stepping ~*~*~tactically~*~*~ (stealth).
  2691 | D:3      | 2691 ||| UPGRADING to +0 helmet.
  2696 | D:3      | 2696 ||| READING scroll labelled QUREOXT IHOH.
  2797 | D:3      | 2797 ||| READING 2 scrolls of identify.
  2797 | D:3      | 2797 ||| IDENTIFYING glowing yellow potion
  2856 | D:4      | Found a staircase to the Ecumenical Temple.
  3085 | D:4      | 3085 ||| Stepping ~*~*~tactically~*~*~ (stealth).
  3086 | D:4      | 3086 ||| Stepping ~*~*~tactically~*~*~ (stealth).
  3089 | D:4      | 3089 ||| Stepping ~*~*~tactically~*~*~ (stealth).
  3098 | D:4      | Reached skill level 6 in Axes
  3182 | D:4      | Reached XP level 7. HP: 32/43 MP: 7/7
  3224 | D:4      | 3224 ||| DROPPING +0 whip.
  3531 | D:4      | Noticed Natasha
  3540 | D:4      | Killed Natasha
  3783 | D:4      | 3783 ||| UPGRADING to amulet of guardian spirit.
  3788 | D:4      | 3788 ||| READING scroll labelled SICEOG ENEMPAL.
  3828 | D:5      | Entered Level 5 of the Dungeon
  3829 | D:5      | 3829 ||| PLANNING SEWER
  3832 | D:5      | 3832 ||| Stepping ~*~*~tactically~*~*~ (hiding).
  3833 | D:5      | 3833 ||| Stepping ~*~*~tactically~*~*~ (hiding).
  3893 | D:5      | Found a shimmering altar of Xom.
  3895 | D:5      | Found a shimmering altar of Xom.
  3896 | D:5      | Found a shimmering altar of Xom.
  3899 | D:5      | Found a shimmering altar of Xom.
  3908 | D:5      | Reached skill level 7 in Axes
  3947 | D:5      | Reached XP level 8. HP: 31/49 MP: 4/8
  4084 | D:5      | Reached skill level 1 in Dodging
  4236 | D:5      | 4236 ||| DROPPING +1 mace of protection.
  4248 | D:5      | 4248 ||| Stepping ~*~*~tactically~*~*~ (stealth).
  4249 | D:5      | 4249 ||| Stepping ~*~*~tactically~*~*~ (stealth).
  4257 | D:5      | Found a glowing drain.
  4266 | Sewer    | Entered a sewer
  4300 | Sewer    | 4300 ||| Stepping ~*~*~tactically~*~*~ (water).
  4571 | Sewer    | 4571 ||| READING scroll labelled QIAFIK NOXKEM.
  4602 | Sewer    | 4602 ||| READING scroll labelled OLILUIRPH HOFEIPE.
  4603 | Sewer    | 4603 ||| READING 3 scrolls of identify.
  4603 | Sewer    | 4603 ||| IDENTIFYING puce potion
  4604 | Sewer    | 4604 ||| READING 2 scrolls of identify.
  4604 | Sewer    | 4604 ||| IDENTIFYING ruby potion
  4605 | Sewer    | 4605 ||| DROPPING potion of berserk rage.
  4642 | D:5      | 4642 ||| PLANNING D:1-11
  4871 | D:5      | Found a stormy altar of Qazlal.
  4969 | D:5      | Found a basalt altar of Yredelemnul.
  5110 | D:6      | Reached skill level 8 in Axes
  5168 | D:6      | 5168 ||| Stepping ~*~*~tactically~*~*~ (stealth).
  5169 | D:6      | 5169 ||| Stepping ~*~*~tactically~*~*~ (stealth).
  5170 | D:6      | 5170 ||| Stepping ~*~*~tactically~*~*~ (stealth).
  5171 | D:6      | 5171 ||| Stepping ~*~*~tactically~*~*~ (stealth).
  5172 | D:6      | 5172 ||| Stepping ~*~*~tactically~*~*~ (stealth).
  5312 | D:6      | Reached skill level 6 in Fighting
  5427 | D:6      | Found a shimmering blue altar of Sif Muna.
  5492 | D:6      | 5492 ||| DROPPING +2 hammer of protection.
  5496 | D:6      | Found a runed translucent door.
  5497 | D:6      | Noticed Crazy Yiuf
  5724 | D:6      | 5724 ||| Stepping ~*~*~tactically~*~*~ (hiding).
  6015 | D:6      | Noticed Blork the orc
  6026 | D:6      | Killed Blork the orc
  6181 | D:6      | 6181 ||| DRINKING 2 viscous green potions.
  6182 | D:6      | 6182 ||| READING 5 scrolls of identify.
  6182 | D:6      | 6182 ||| IDENTIFYING purple potion
  6183 | D:6      | 6183 ||| READING 4 scrolls of identify.
  6183 | D:6      | 6183 ||| IDENTIFYING brown potion
  6184 | D:6      | 6184 ||| DROPPING potion of brilliance.
  6185 | D:6      | 6185 ||| DROPPING potion of invisibility.
  6287 | D:7      | Noticed a hornet
  6288 | D:7      | 6288 ||| Stepping ~*~*~tactically~*~*~ (stealth).
  6289 | D:7      | 6289 ||| Stepping ~*~*~tactically~*~*~ (stealth).
  6308 | D:7      | Killed a hornet
  6309 | D:7      | Reached XP level 9. HP: 36/55 MP: 5/9
  6443 | D:7      | Found an ancient bone altar of Kikubaaqudgha.
  6449 | D:7      | Reached skill level 9 in Axes
  6496 | D:7      | Noticed Prince Ribbit
  6525 | D:7      | Killed Prince Ribbit
  6738 | D:7      | 6738 ||| Stepping ~*~*~tactically~*~*~ (cloud).
  6748 | D:7      | 6748 ||| Stepping ~*~*~tactically~*~*~ (cloud).
  6820 | D:7      | HP: 7/56 [steam dragon/ball of steam (17)]
  6821 | D:7      | 6821 ||| READING 4 scrolls of teleportation.
  6821 | D:7      | Engulfed by a steam dragon's steam

Levels and vault maps discovered:
D:1:      lemuel_arrival_behind_the_door_small, layout_rooms, serial_curves,
          eino_curves_03, eino_curves_02, shapermc_ecumenical_altar_rom_forum
D:2:      layout_basic, minmay_hedge_maze, uniq_sigmund
D:3:      layout_basic, nicolae_uskayaw_suspiria, roderic_batcave,
          amcnicky_mini_pool_small, uniq_ijyb, uniq_robin
D:4:      layout_cave_pods, minmay_temple_entry_statues_fountains,
          kennysheep_path_1, uniq_natasha
D:5:      layout_rooms, xom_redecorated, mainiacjoe_overflow_24_doors,
          nicolae_overflow_crystal_walls, portal_sewer_entry_b
D:6:      layout_loops_corners, lemuel_doored_altar, dk_noncrumbling_2,
          uniq_blork_the_orc, uniq_crazy_yiuf_cottage
D:7:      layout_loops_corners, kennysheep_vampire_church,
          general_overflow_altar, nicolae_grassy_gnolls, uniq_prince_ribbit1

Skill      XL: |  1  2  3  4  5  6  7  8  9 |
---------------+----------------------------+-----
Axes           | 2 3 5 6 7 8 9 |  9.0
Fighting       | 4 5 6 |  6.5
Armour         | 4 5 |  5.3
Dodging        | 1 |  1.8
Shields        | 4 |  4.8

Action                   |  1- 3 |  4- 6 |  7- 9 || total
-------------------------+-------+-------+-------++-------
Melee: War axe           |    82 |   184 |   267 ||   533
  Use: Scroll            |     3 |     4 |     8 ||    15
       Potion            |       |     2 |     1 ||     3
 Stab: Held in net/web   |     1 |       |       ||     1
Armor: Scale mail        |    30 |    17 |       ||    47
       Plate armour      |       |    96 |   164 ||   260
Dodge: Dodged            |    31 |    72 |   126 ||   229
Block: Buckler           |    10 |    28 |    56 ||    94

Table legend:
 A = Non-vault XP
 B = Vault XP
 C = Vault XP percentage of total XP
 D = Non-vault monster count
 E = Vault monster count
 F = Vault count percentage of total count
                 A         B        C        D         E       F
            +---------+---------+-------+---------+---------+-------
      Total |    2285 |     988 |  30.2 |      99 |      50 |  33.6
            +---------+---------+-------+---------+---------+-------
        D:1 |      38 |       0 |   0.0 |      21 |       0 |   0.0
        D:2 |      79 |     214 |  73.0 |      18 |       1 |   5.3
        D:3 |      36 |     134 |  78.8 |      20 |      21 |  51.2
        D:4 |     220 |      36 |  14.1 |      13 |       1 |   7.1
        D:5 |     858 |       3 |   0.3 |      12 |       2 |  14.3
        D:6 |     589 |      87 |  12.9 |      13 |       1 |   7.1
        D:7 |     465 |     462 |  49.8 |       2 |       9 |  81.8
      Sewer |       0 |      52 | 100.0 |       0 |      15 | 100.0
            +---------+---------+-------+---------+---------+-------
